 Dungeon Crawl Stone Soup version 0.30.1-4-g462c640d31 (webtiles) character file.

Game seed: 13021509292921811150

752 Arctor the Magician (level 7, -1/69 HPs)
             Began as a Demonspawn Hedge Wizard on Aug 17, 2023.
             Engulfed by a cloud of flame (14 damage)
             ... on level 6 of the Dungeon.
             The game lasted 00:08:18 (4304 turns).

Arctor the Magician (Demonspawn Hedge Wizard)       Turns: 4304, Time: 00:08:19

Health: -1/69      AC: 27    Str: 10      XL:     7   Next: 49%
Magic:  2/13       EV:  2    Int: 17      God:
Gold:   93         SH:  0    Dex: 12 (13) Spells: 6/14 levels left

rFire   . . .        s - +1 dagger (venom)
rCold   . . .        (no shield)
rNeg    + . .        b - melded +0 robe
rPois   +            c - melded +0 hat
rElec   .            f - melded +0 cloak {rCorr}
rCorr   .            (gloves currently unavailable)
SInv    .            v - melded +0 pair of boots
Will    .....        (no amulet)
Stlth   ++           i - +4 ring of protection
HPRegen 0.31/turn    j - ring of positive energy
MPRegen 0.13/turn

%: no passive effects
@: tree-form
A: stationary, stasis, torment immunity, boosted hp, (large bone plates 1)
a: no special abilities


You were on level 6 of the Dungeon.
You were a tree.
You visited 1 branch of the dungeon, and saw 5 of its levels.

You collected 258 gold pieces.
You spent 165 gold pieces at shops.

Inventory:

Hand Weapons
 a - a +0 dagger
 s - a +1 dagger of venom (weapon)
Missiles
 o - a throwing net
Armour
 b - a +0 robe (melded)
 c - a +0 hat (melded)
 f - a +0 cloak of preservation (melded)
 q - a +1 cloak
 v - a +0 pair of boots (melded)
Jewellery
 i - a +4 ring of protection (left branch)
 j - a ring of positive energy (right branch)
Potions
 d - a potion of magic
 r - a potion of invisibility
 t - a potion of brilliance


   Skills:
 + Level 3.4 Dodging
 + Level 3.7 Stealth
 + Level 4.2 Spellcasting
 + Level 3.4 Conjurations
 + Level 3.4 Summonings
 - Level 2.2 Translocations
 + Level 1.9 Earth Magic


You had 6 spell levels left.
You knew the following spells:

 Your Spells              Type           Power      Damage    Failure   Level
a - Magic Dart            Conj           60%        1d6       3%          1
b - Blink                 Tloc           22%        N/A       10%         2
c - Searing Ray           Conj           30%        2d5       6%          2
d - Stone Arrow           Conj/Erth      24%        3d8       16%         3

Your spell library contained the following spells:

 Spells                   Type           Power      Damage    Failure   Level
 Call Imp                 Summ           30%        N/A       6%          2
 Slow                     Hex            12%        N/A       16%         1
 Cigotuvi's Dreadful Rot  Necr/Pois/Air  6%         N/A       24%         2
 Mephitic Cloud           Conj/Pois/Air  7%         N/A       28%         3
 Animate Armour           Summ/Erth      24%        N/A       45%         4
 Fulminant Prism          Conj/Hex       4%         3d5       58%         4
 Lehudib's Crystal Spear  Conj/Erth      6%         10d3      100%        8


Dungeon Overview and Level Annotations

Branches:
Dungeon (4/15)
 Temple: D:4-7

Altars:
Ashenzari
Ru

Shops:
D:2 :   D:4 [


Innate Abilities, Weirdness & Mutations

You are a tree.
Your roots penetrate the ground, keeping you stationary.
You cannot be teleported.
You are immune to unholy pain and torment.
Your maximum health is greatly increased.
Your equipment is partially melded.
((You are partially covered in large bone plates. (SH +4)))


Message History

As you read the scroll labelled OKOGUT YPHUXZE, it crumbles to dust.
The creatures around you are filled with an inner flame!
It was a scroll of immolation.
Okay, then.
You aren't carrying any scrolls.
You cannot move.
Prince Ribbit blinks! x2
You flicker for a moment.
Prince Ribbit hops awkwardly around.
Prince Ribbit lets out a mournful croak.
Casting: Stone Arrow (dangerous; 21% risk of failure)
Confirm with . or Enter, or press ? or * to list all spells.
Aiming: Stone Arrow (dangerous; 21% risk of failure)
Press: ? - help, Shift-Dir - straight line, f/p - Prince Ribbit
Aim: Prince Ribbit (inner flame, unable to see you, 45% to hit)
The stone arrow hits Prince Ribbit!
Flame seeps out of Prince Ribbit.
Prince Ribbit is moderately wounded.
Prince Ribbit is engulfed in blazing flames.
Flame seeps out of Prince Ribbit.
Okay, then.
You hit Prince Ribbit.
Flame seeps out of Prince Ribbit.
Prince Ribbit is severely wounded.
You flicker back into view.
Prince Ribbit is engulfed in blazing flames.
Flame seeps out of Prince Ribbit.
Prince Ribbit hits you but does no damage.
Prince Ribbit is engulfed in blazing flames.
Prince Ribbit explodes!
The fiery explosion engulfs you.
* * * LOW HITPOINT WARNING * * *
You hear an angry hiss.
You feel your strength returning.
You feel your intelligence returning.
Unknown command.
Unknown command.
You are engulfed in blazing flames.
* * * LOW HITPOINT WARNING * * *
Unknown command.
You are engulfed in blazing flames.
You are engulfed in blazing flames.
You die...

,,,,,,*,,,,,,,..#..............#.
,,,,,,*,*,*****,...#...........#.
,,*****,*,*#######.#...........#.
,,,,,,,,*,,....................'.
*,********########.#.#.#.......#.
,,,,,,,,,,...........#.##....###.
*,*******########.##.#.##....# #.
,,,,,,,,,............#.##....# ##
*,**,,***###....♣§####.##....#
*,,*,,* #....§.§....##...,*
*,,*,,* #....§§...###*,,,,*
*,,,,,* #.........# *,,,,*
*,,*,******##....!...# ****,*
*,,*,,,,,,* #........# ****,****
,,,,*****,* #......?.#***,,,,,,,,
,,,,,,*,,,* #.###.###.,,,,,,,,,,,
,,,,*,*,*,* *,***,,,,,,,,,,,,,,,,


There were no monsters in sight!

Vanquished Creatures
  Prince Ribbit (D:6)
  Edmund (D:4)
  An ice beast (D:6)
  The ghost of OlManJenkins the Stinger, an amateur OpVM (D:3)
  Crazy Yiuf (D:2)
  A hound (D:6)
  Jessica (D:2)
  Robin (D:2)
  5 adders
  3 gnolls
  2 dart slugs
  6 orcs (D:3)
  9 ball pythons
  6 bats
  10 endoplasms
  4 giant cockroaches
  10 goblins
  8 hobgoblins
  3 jackals (D:2)
  3 quokkas
  6 frilled lizards
  7 kobolds
  4 rats
94 creatures vanquished.

Notes
Turn   | Place    | Note
-------+----------+-------------------------------------------
     0 | D:1      | Arctor the Demonspawn Hedge Wizard began the quest for the
                  | Orb.
     0 | D:1      | Reached XP level 1. HP: 13/13 MP: 4/4
    91 | D:1      | Reached skill level 1 in Translocations
   145 | D:1      | Gained mutation: You are partially covered in large bone
                  | plates. (SH +4) [demonic ancestry]
   145 | D:1      | Reached XP level 2. HP: 19/19 MP: 0/6
   425 | D:1      | Learned a level 2 spell: Blink
   779 | D:1      | Reached XP level 3. HP: 20/24 MP: 7/7
  1299 | D:2      | Noticed Robin
  1340 | D:2      | Killed Robin
  1341 | D:2      | Reached XP level 4. HP: 8/30 MP: 1/8
  1629 | D:2      | Found a faded altar of an unknown god.
  1714 | D:2      | Learned a level 2 spell: Searing Ray
  2010 | D:2      | Found Jocwux's Book Emporium.
  2050 | D:2      | Noticed Jessica
  2062 | D:2      | Killed Jessica
  2321 | D:2      | Found a runed translucent door.
  2322 | D:2      | Noticed Crazy Yiuf
  2503 | D:2      | Killed Crazy Yiuf
  2504 | D:2      | Reached XP level 5. HP: 35/35 MP: 2/10
  3130 | D:3      | Found a runed translucent door.
  3142 | D:3      | Noticed OlManJenkins's ghost (amateur OpVM)
  3420 | D:3      | Learned a level 3 spell: Stone Arrow
  3432 | D:3      | Killed OlManJenkins's ghost
  3433 | D:3      | Reached XP level 6. HP: 15/41 MP: 3/11
  3742 | D:4      | Found a broken altar of Ashenzari.
  3743 | D:4      | Found a sacrificial altar of Ru.
  3783 | D:4      | Found Iwakegyts's Antique Armour Emporium.
  3793 | D:4      | Bought a runed cloak for 165 gold pieces
  3858 | D:4      | Noticed Edmund
  3871 | D:4      | Killed Edmund
  3872 | D:4      | Reached skill level 1 in Earth Magic
  4078 | D:4      | You fall into a shaft and drop 2 floors!
  4123 | D:6      | Noticed an ice beast
  4139 | D:6      | Killed an ice beast
  4140 | D:6      | Reached skill level 4 in Spellcasting
  4140 | D:6      | Reached XP level 7. HP: 25/46 MP: 2/13
  4269 | D:6      | Noticed Prince Ribbit
  4301 | D:6      | Killed Prince Ribbit
  4304 | D:6      | Engulfed by a cloud of flame

Illustrated notes

Levels and vault maps discovered:
D:1:      elethiomel_arrival_infinity_welcomes_careful_drivers, layout_rooms
D:2:      layout_loops_corners, shapermc_ecumenical_altar_mp_vishouse,
          serial_shops, nicolae_shop_back_alley_shop, uniq_jessica,
          uniq_crazy_yiuf_cottage, uniq_robin
D:3:      layout_basic, gammafunk_ghost_grave, kennysheep_cross_room
D:4:      layout_gridville, nicolae_overflow_squiral, serial_shops,
          nicolae_lakefront_shop, uniq_edmund
D:6:      layout_basic, uniq_prince_ribbit1

Skill      XL: |  1  2  3  4  5  6 |
---------------+-------------------+-----
Translocations | 1 2 |  2.2
Stealth        | 2 3 |  3.7
Dodging        | 2 3 |  3.4
Summonings     | 2 3 |  3.4
Conjurations   | 2 3 |  3.4
Earth Magic    | 1 |  1.9
Spellcasting   | 4 |  4.2

Action                     |  1- 3 |  4- 6 |  7- 9 || total
---------------------------+-------+-------+-------++-------
  Melee: Dagger            |   142 |   134 |     2 ||   278
         Punch             |     1 |       |       ||     1
   Cast: Magic Dart        |    33 |    51 |       ||    84
         Searing Ray       |       |     8 |       ||     8
         Stone Arrow       |       |     2 |     5 ||     7
         Blink             |       |     1 |       ||     1
    Use: Potion            |     2 |     2 |     4 ||     8
         Scroll            |       |     5 |     4 ||     9
   Stab: Sleeping          |     4 |     6 |       ||    10
 Armour: Robe              |    47 |    55 |     1 ||   103
         Skin              |       |       |     6 ||     6
  Dodge: Dodged            |    86 |    93 |     3 ||   182
  Block: Other             |    23 |    28 |     2 ||    53
